AoeStats
← cegirke

Arabia

510386329Analyzed
1v1 RM · 13h ago on Sep 30, 2026· 64m 42s· 2 players
Game mode
Random Map
Map size
Tiny (2 player)
Population
200
Speed
Normal
Resources
Standard
Victory
Conquest
Starting age
Dark Age
Ending age
Imperial Age
RankedLock teamsTeams togetherTeam positionsShared explorationLock speedFull tech treeHidden civsTurbo modeCheats
Victory
Defeat
🇹🇷 Magyars · Türkiye
1131
+17
🇨🇴 Vikings · Colombia
1148
-17
cegirke
7:05 Loom
10:24 Feudal Age
10:54 Double-Bit Axe
15:42 Horse Collar
16:58 Fletching
20:54 Castle Age
19:25 Gold Mining
19:26 Stone Mining
20:17 Scale Barding Armor
28:25 Wheelbarrow
31:16 Chain Barding Armor
31:45 Husbandry
35:54 Heavy Plow
38:49 Imperial Age
37:25 Bodkin Arrow
37:30 Padded Archer Armor
37:51 Elite Skirmisher
41:10 Parthian Tactics
41:12 Leather Archer Armor
40:58 Bracer
43:44 Ballistics
44:25 Chemistry
45:20 Hand Cart
45:20 Cavalier
46:35 Heavy Cavalry Archer
49:49 Plate Barding Armor
49:57 Light Cavalry
52:47 Bloodlines
52:48 Hussar
54:26 Scale Mail Armor
57:03 Chain Mail Armor
57:18 Ring Archer Armor
59:44 Gold Shaft Mining
simon.ruiz
0:32 Loom
11:56 Feudal Age
12:27 Double-Bit Axe
17:52 Fletching
18:44 Padded Archer Armor
20:20 Horse Collar
25:28 Castle Age
25:08 Forging
25:04 Scale Barding Armor
24:51 Gold Mining
25:46 Pikeman
26:37 Bow Saw
26:29 Heavy Plow
30:52 Stone Mining
36:07 Scale Mail Armor
42:22 Imperial Age
41:11 Chain Mail Armor
43:49 Plate Mail Armor
44:48 Two-Man Saw
43:40 Cavalier
44:10 Elite Varangian Guard
44:32 Elite Skirmisher
47:42 Leather Archer Armor
48:06 Iron Casting
49:14 Ballistics
49:56 Chemistry
50:07 Crop Rotation
51:04 Conscription
53:29 Chain Barding Armor
53:40 Ring Archer Armor
Connection lost

Rejoining the realm…

Still unreachable

The connection could not be restored.

Session expired

The server has moved on; the page needs a fresh start.